 Dungeon Crawl Stone Soup version 0.29-a0-330-g52719c12eb (webtiles) character file.

Game seed: 14581711717120974868

13 ImHallYall the Skirmisher (level 2, 0/26 HPs)
             Began as a Ghoul Monk on Apr 12, 2022.
             Slain by a frilled lizard (2 damage)
             ... on level 1 of the Dungeon.
             The game lasted 00:00:41 (904 turns).

ImHallYall the Skirmisher (Ghoul Monk)               Turns: 904, Time: 00:00:41

Health: 0/26       AC:  2    Str: 14    XL:     2   Next: 37%
Magic:  1/1        EV: 12    Int:  5    God:
Gold:   10         SH:  0    Dex: 11    Spells: 1/1 levels left

rFire   . . .      SeeInvis .   a - +0 hand axe
rCold   + . .      Faith    .   (no shield)
rNeg    + + +      Spirit   .   b - +0 robe
rPois   ∞          Reflect  .   (no helmet)
rElec   .          Harm     .   (no cloak)
rCorr   .          Rampage  .   (no gloves)
Will    .....                   (no boots)
Stlth   ++........              (no amulet)
HPRegen 0.00/turn               (no ring)
MPRegen 0.07/turn               (no ring)

@: inhibited regen
A: claws 1, cold resistance 1, negative energy resistance 3, inhibited
regeneration, torment resistance 2, devour on kill
a: no special abilities


You were on level 1 of the Dungeon.
You visited 1 branch of the dungeon, and saw 1 of its levels.

You collected 10 gold pieces.

Inventory:

Hand Weapons
 a - a +0 hand axe (weapon)
Armour
 b - a +0 robe (worn)
Scrolls
 e - a scroll of identify {unknown}
 f - a scroll of amnesia {unknown}
Potions
 c - a potion of ambrosia
 d - a potion of lignification {unknown}


   Skills:
 + Level 3.5 Fighting
 + Level 3.0 Axes
 + Level 2.9 Dodging
 + Level 2.2 Stealth


You had one spell level left.
You didn't know any spells.
Your spell library was empty.

Dungeon Overview and Level Annotations

Branches:
Dungeon (1/15)

Altars:


Innate Abilities, Weirdness & Mutations

You are immune to poison.
You have sharp fingernails.
Your flesh is cold resistant. (rC+)
You are immune to negative energy. (rN+++)
You do not regenerate when monsters are visible.
You are immune to unholy pain and torment.
You thrive by killing the living.


Message History

You closely miss the frilled lizard. The frilled lizard bites you.
The frilled lizard closely misses you. The rat barely misses you.
A hobgoblin comes into view.
The rat closely misses you. The frilled lizard closely misses you.
The frilled lizard barely misses you. The rat bites you.
The frilled lizard attacks as you move away!
The frilled lizard misses you. The rat attacks as you move away!
The rat closely misses you. The rat completely misses you.
The frilled lizard bites you. The frilled lizard bites you. The rat bites you.
The rat barely misses you. The frilled lizard misses you.
The hobgoblin shouts!
The rat bites you but does no damage. The frilled lizard closely misses you.
A quokka comes into view.
The frilled lizard completely misses you.
The rat bites you. The rat bites you but does no damage.
The frilled lizard bites you. The frilled lizard bites you.
The rat barely misses you. The hobgoblin attacks as you move away!
The hobgoblin misses you. The rat bites you. The frilled lizard bites you.
* * * LOW HITPOINT WARNING * * *
You hit the hobgoblin.
The hobgoblin is heavily wounded.
You hit the rat but do no damage. You barely miss the frilled lizard.
The hobgoblin hits you.
* * * LOW HITPOINT WARNING * * *
The rat closely misses you. The frilled lizard misses you.
The rat attacks as you move away! The rat barely misses you.
The hobgoblin attacks as you move away! The hobgoblin barely misses you.
The frilled lizard bites you.
* * * LOW HITPOINT WARNING * * *
You slash the hobgoblin!
You kill the hobgoblin!
You closely miss the frilled lizard. The frilled lizard barely misses you.
Your Axes skill increases to level 3!
The rat attacks as you move away! The rat bites you.
* * * LOW HITPOINT WARNING * * *
The quokka attacks as you move away! The quokka completely misses you.
The frilled lizard bites you.
You die...

#.........
#............
#............
#..........##
###...........#
#.............#
#.............##
#...@r..........
####.l.†........
#...r..........
##.......##.....
#........##..........
#........+...........
#........##.........#
#....................
##...................


You could see a quokka, a frilled lizard and a rat.

Vanquished Creatures
  A bat (D:1)
  An endoplasm (D:1)
  A goblin (D:1)
  3 hobgoblins (D:1)
  3 kobolds (D:1)
  A frilled lizard (D:1)
  A rat (D:1)
11 creatures vanquished.

Notes
Turn   | Place    | Note
-------+----------+-------------------------------------------
     0 | D:1      | ImHallYall the Ghoul Monk began the quest for the Orb.
     0 | D:1      | Reached XP level 1. HP: 19/19 MP: 0/0
   561 | D:1      | Reached XP level 2. HP: 13/26 MP: 1/1
   904 | D:1      | Slain by a frilled lizard

Illustrated notes

Levels and vault maps discovered:
D:1:      roderic_lyre, layout_basic, glass_columns_a, minmay_hexomino_u4

Skill      XL: |  1  2 |
---------------+-------+-----
Axes           | 3 |  3.0
Fighting       | |  3.5
Dodging        | |  2.9
Stealth        | |  2.2

Action                   || total
-------------------------++-------
Melee: Hand axe          ||    34
Armor: Robe              ||     5
Dodge: Dodged            ||    50

Table legend: (Time is in decaauts)
 A = Elapsed time spent in this place.
 B = Non-inter-level travel time spent in this place.
 C = Inter-level travel time spent in this place.
 D = Time resting spent in this place.
 E = Time spent auto-exploring this place.
 F = Levels seen in this place.
 G = Mean time per level.
                   A        B        C        D        E       F      G
               +--------+--------+--------+--------+--------+-----+--------+
         Total |    909 |    909 |      0 |    400 |    401 |   1 |  909.0 |
       Dungeon |    909 |    909 |      0 |    400 |    401 |   1 |  909.0 |
               +--------+--------+--------+--------+--------+-----+--------+

Top non-repeatable levels by time:
     D:1: 909 daAuts
